 Dungeon Crawl Stone Soup version 0.32-a0-859-gb0a091d592 (webtiles) character file.

Game seed: 14704824634954162883

18 backslashecho the Ducker (level 2, -3/23 HPs)
             Began as a Merfolk Warper on Mar 27, 2024.
             Slain by an adder (4 damage)
             ... on level 2 of the Dungeon.
             The game lasted 00:02:42 (606 turns).

backslashecho the Ducker (Merfolk Warper)            Turns: 606, Time: 00:02:43

Health: -3/23      AC:  3    Str: 11    XL:     2   Next: 66%
Magic:  5/5        EV: 11    Int: 12    God:
Gold:   55         SH:  0    Dex: 13    Spells: 5/5 levels left

rFire   . . .        a - +0 falchion
rCold   . . .        (no shield)
rNeg    . . .        b - +0 leather armour
rPois   .            (no helmet)
rElec   .            (no cloak)
rCorr   .            (no gloves)
SInv    .            (no boots)
Will    .....        (no amulet)
Stlth   +            (no ring)
HPRegen 0.23/turn    (no ring)
MPRegen 0.09/turn

%: no passive effects
@: lethally poisoned (-3 -> -11)
A: (nimble swimmer 2), mertail
a: no special abilities


You were on level 2 of the Dungeon.
You visited 1 branch of the dungeon, and saw 2 of its levels.

You collected 55 gold pieces.

Inventory:

Hand Weapons
 a - a +0 falchion (weapon)
Missiles
 d - 7 darts of dispersal (quivered)
 h - a throwing net
Armour
 b - a +0 leather armour (worn)
Scrolls
 c - a scroll of blinking
 e - 2 scrolls of identify {unknown}
 f - a scroll of vulnerability {unknown}
 g - 2 scrolls of teleportation {unknown}


   Skills:
 + Level 2.4 Fighting
 * Level 3.1 Long Blades
 - Level 1.0 Throwing
 - Level 1.0 Armour
 + Level 3.1 Dodging
 - Level 2.0 Spellcasting
 - Level 2.4 Translocations


You had 5 spell levels left.
You didn't know any spells.
Your spell library contained the following spells:

 Spells                   Type           Power      Damage    Failure   Level
 Blink                    Tloc           12%        N/A       21%         2
 Lesser Beckoning         Tloc           12%        N/A       21%         2
 Necrotise                Necr           4%         1d4       34%         1
 Teleport Other           Tloc           6%         N/A       38%         3
 Inner Flame              Hex/Fire       1%         N/A       71%         3
 Vampiric Draining        Necr           1%         2d6       71%         3
 Vhi's Electric Charge    Tloc/Air       8%         N/A       91%         4
 Martyr's Knell           Necr/Summ      1%         N/A       98%         4
 Curse of Agony           Necr           1%         N/A       100%        5
 Irradiate                Conj/Alch      0%         3d11      100%        5
 Ignition                 Fire           0%         3d3       100%        8
 Maxwell's Portable Pile  Tloc           Unusable   2d(6-11)  N/A         4

Dungeon Overview and Level Annotations

Branches:
Dungeon (2/15)

Altars:


Innate Abilities, Weirdness & Mutations

((You are very nimble when in or above water. (Stealth+, EV+, Speed+++)))
Your lower body shifts to a powerful aquatic tail in water.


Message History

Unknown command.
You see here a ball python skeleton.
You see here a +0 dagger.
There is a stone staircase leading down here.
You climb downwards.
The hobgoblin shouts!
Found a book of Necromancy, a scroll labelled OLURHESUFY and 2 throwing nets.
Found a stone staircase leading up.
There is a stone staircase leading up here.
A hobgoblin is nearby!
You slash the hobgoblin!
You kill the hobgoblin!
Your Long Blades skill increases to level 3!
No target in view!
You pick up a book of Necromancy and begin reading...
You add the spells Necrotise, Vampiric Draining, Martyr's Knell and Curse of Agony to your library.
There is a stone staircase leading up here.
There is a stone staircase leading up here.
g - 2 scrolls labelled OLURHESUFY (gained 1)
There is a stone staircase leading up here.
h - 2 throwing nets You pick up a book of Spontaneous Combustion and begin reading...
You add the spells Inner Flame, Irradiate and Ignition to your library.
A bat comes into view.
Found a spear.
A bat is nearby!
An endoplasm comes into view.
Found 8 gold pieces.
Found an escape hatch in the ceiling.
The endoplasm quivers.
The bat closely misses you.
You see here a +0 spear.
You hit the bat.
You kill the bat!
You hit the endoplasm.
The endoplasm is almost dead.
The endoplasm barely misses you.
You hit the endoplasm.
You kill the endoplasm!
No target in view!
No target in view!
You see here a +0 spear.
Found a scroll labelled CESMAPP ZIOMU.
You now have 55 gold pieces (gained 8).
An endoplasm comes into view.
The endoplasm quivers.
An endoplasm is nearby!
You see here a scroll labelled CESMAPP ZIOMU.
e - 2 scrolls labelled CESMAPP ZIOMU (gained 1)
You barely miss the endoplasm. The endoplasm freezes you.
You are frozen.
The endoplasm freezes you.
You are frozen.
You take 9 damage, and have 14/23 hp.
MASSIVE DAMAGE!!
You hit the endoplasm.
The endoplasm is moderately wounded.
The endoplasm hits you.
You take 2 damage, and have 12/23 hp.
You slash the endoplasm!
You kill the endoplasm!
An adder comes into view.
The adder hisses angrily.
An adder is nearby!
You miss the adder. The adder bites you.
You are poisoned.
The adder poisons you!
You take 1 damage, and have 13/23 hp.
You barely miss the adder.
You feel sick. The adder bites you.
You are more poisoned.
The adder poisons you! The adder misses you.
You take 3 damage, and have 10/23 hp.
You hit the adder.
The adder is lightly wounded.
You feel sick. The adder closely misses you.
You take 2 damage, and have 8/23 hp.
You hit the adder.
The adder is moderately wounded.
* * * LOW HITPOINT WARNING * * *
You feel sick. The adder barely misses you. The adder bites you.
* * * LOW HITPOINT WARNING * * *
You take 3 damage, and have 5/23 hp.
You are too injured to fight recklessly!
You barely miss the adder.
The adder is moderately wounded.
* * * LOW HITPOINT WARNING * * *
You feel sick. The adder bites you.
* * * LOW HITPOINT WARNING * * *
You are more poisoned.
The adder poisons you!
You take 3 damage, and have 2/23 hp.
You aren't carrying any potions.
Unknown command.
Throw: 2 throwing nets
Press: ? - help, Shift-Dir - straight line, f - adder
Aim: an adder (moderately wounded, 32% to hit)
You throw a throwing net. The throwing net misses the adder.
* * * LOW HITPOINT WARNING * * *
You feel sick. The adder bites you.
You die...

#........##....<...
#........#.........
#........#.........
#........#.........
#######.##...######
#.##...# #.##...#
#.##...#######...
########.#.....S@.....#
.........#....#########
##########...........
##....###### ......#
##.....# .......
......... ...........


You could see an adder.

Vanquished Creatures
  A dart slug (D:1)
  2 endoplasms (D:2)
  2 goblins (D:1)
  3 hobgoblins
  A quokka (D:1)
  A ball python (D:1)
  3 bats
  2 kobolds (D:1)
15 creatures vanquished.

Notes
Turn   | Place    | Note
-------+----------+-------------------------------------------
     0 | D:1      | backslashecho the Merfolk Warper began the quest for the
                  | Orb.
     0 | D:1      | Reached XP level 1. HP: 16/16 MP: 3/3
   128 | D:1      | Reached XP level 2. HP: 22/22 MP: 5/5
   137 | D:1      | Reached skill level 1 in Armour
   606 | D:2      | HP: 1/23 [poisoned by an adder]
   606 | D:2      | Slain by an adder

Illustrated notes

Levels and vault maps discovered:
D:1:      mushboom_english_gardens, layout_rooms
D:2:      layout_basic

Skill      XL: |  1  2 |
---------------+-------+-----
Armour         | 1 |  1.0
Dodging        | 3 |  3.1
Long Blades    | 3 |  3.1
Fighting       | |  2.4
Throwing       | |  1.0
Spellcasting   | |  2.0
Translocations | |  2.4

Action                     || total
---------------------------++-------
  Melee: Falchion          ||    44
  Throw: Throwing net      ||     1
 Armour: Leather armour    ||    27
  Dodge: Dodged            ||    24

Table legend: (Time is in decaauts)
 A = Elapsed time spent in this place.
 B = Non-inter-level travel time spent in this place.
 C = Inter-level travel time spent in this place.
 D = Time resting spent in this place.
 E = Time spent auto-exploring this place.
 F = Levels seen in this place.
 G = Mean time per level.
                   A        B        C        D        E       F      G
               +--------+--------+--------+--------+--------+-----+--------+
         Total |    613 |    592 |     21 |      9 |    412 |   2 |  306.5 |
       Dungeon |    613 |    592 |     21 |      9 |    412 |   2 |  306.5 |
               +--------+--------+--------+--------+--------+-----+--------+

Top non-repeatable levels by time:
     D:1: 497 daAuts
     D:2: 115 daAuts
